AoeStats
← GORGORY

Team Islands

503263334Analyzed
4v4 RM · 1mo ago on Aug 30, 2026· 47m 44s· 8 players
Game mode
Random Map
Map size
242×242
Population
200
Speed
Normal
Resources
Standard
Victory
Conquest
Starting age
Dark Age
Ending age
Imperial Age
RankedLock teamsTeams togetherTeam positionsShared explorationLock speedFull tech treeHidden civsTurbo modeCheats
Victory
Defeat
🇦🇷 Vikings · Argentina
1208
+7
🇦🇷 Japanese · Argentina
895
+20
🇦🇷 Wei · Argentina
881
+21
🇦🇷 Dravidians · Argentina
809
+24
🇩🇪 Wu · Germany
1049
-21
🇩🇪 Franks · Germany
981
-18
🇦🇷 Chinese · Argentina
979
-17
🇲🇽 Slavs · Mexico
947
-16
GORGORY
5:29 Loom
8:33 Feudal Age
8:59 Double-Bit Axe
8:56 Horse Collar
13:31 Wheelbarrow
17:49 Castle Age
16:16 Stone Mining
17:05 Fletching
17:43 Gold Mining
19:05 Town Watch
19:45 Bow Saw
20:15 Fervor
21:18 Fervor
21:07 Town Watch
23:21 Padded Archer Armor
24:28 Heavy Plow
25:01 Medium Warships
25:34 Sanctity
26:23 Thumb Ring
26:23 Scale Mail Armor
27:28 Hand Cart
27:55 Squires
27:42 Arson
28:34 Ballistics
29:17 Forging
29:22 Chain Mail Armor
29:12 Pikeman
32:52 Bodkin Arrow
33:12 Leather Archer Armor
32:54 Murder Holes
35:42 Imperial Age
35:10 Gold Shaft Mining
34:45 Great Wall
35:59 Stone Shaft Mining
35:42 Town Patrol
36:57 Conscription
37:31 Elite Chu Ko Nu
42:14 Rocketry
42:11 Heavy Rocket Cart
42:13 Heavy Scorpion
46:19 Chemistry
Crispocivil
7:04 Loom
9:58 Feudal Age
10:34 Double-Bit Axe
17:35 Castle Age
15:43 Stone Mining
15:38 Fishing Lines
16:15 Forging
16:22 Horse Collar
18:49 Bow Saw
23:21 Heavy Plow
24:06 Wheelbarrow
29:25 Imperial Age
27:04 Gold Mining
27:59 Detinets
29:08 Iron Casting
29:38 Hand Cart
29:51 Ballistics
30:01 Fletching
30:18 Scale Barding Armor
31:25 Chemistry
31:53 Two-Man Saw
32:19 Conscription
31:54 Capped Ram
32:52 Siege Engineers
34:58 Elite Boyar
36:19 Crop Rotation
37:25 Blast Furnace
36:46 Chain Barding Armor
37:04 Bloodlines
36:55 Husbandry
38:23 Druzhina
38:17 Pikeman
38:57 Squires
39:02 Scale Mail Armor
TopicKilleR
2:08 Loom
11:53 Feudal Age
16:51 Castle Age
18:24 Double-Bit Axe
21:50 Fletching
23:43 Bodkin Arrow
26:12 Padded Archer Armor
27:51 Bow Saw
29:05 Horse Collar
31:40 Leather Archer Armor
34:33 Gold Mining
34:33 Stone Mining
35:39 Wheelbarrow
34:49 Town Watch
35:52 Pikeman
36:32 Squires
38:11 Red Cliffs Tactics
38:41 Hand Cart
38:27 Town Patrol
39:19 Ballistics
42:52 Imperial Age
40:25 Town Patrol
41:45 Elite Skirmisher
46:09 Halberdier
WeLoveRust
11:19 Feudal Age
16:31 Castle Age
15:54 Scale Barding Armor
16:16 Forging
18:39 Double-Bit Axe
19:57 Stone Mining
23:23 Man-at-Arms
24:14 Husbandry
28:10 Chain Barding Armor
28:26 Iron Casting
45:35 Bow Saw
Paspian
11:48 Feudal Age
12:28 Loom
13:13 Double-Bit Axe
17:20 Castle Age
16:44 Fletching
17:18 Gold Mining
17:20 Fishing Lines
18:00 Padded Archer Armor
18:16 Bow Saw
19:15 Gold Shaft Mining
19:30 Stone Mining
21:10 Ballistics
21:08 Careening
24:07 Gillnets
24:13 Gillnets
24:27 Town Watch
24:40 Bodkin Arrow
25:00 Leather Archer Armor
25:38 Scale Mail Armor
25:48 Forging
25:44 Horse Collar
27:23 Heavy Plow
33:12 Imperial Age
31:10 Chain Mail Armor
31:30 Iron Casting
33:48 Iron Casting
34:02 Squires
33:47 Gambesons
33:48 Arson
34:56 Conscription
34:36 Elite Longship
35:19 Capped Ram
35:29 Man-at-Arms
36:05 Long Swordsman
37:17 Plate Mail Armor
37:48 Blast Furnace
36:55 Bracer
37:06 Two-Handed Swordsman
37:45 Champion
41:55 Two-Man Saw
41:27 Crop Rotation
42:56 Blast Furnace
44:52 Siege Ram
47:42 Caravan
Sauco
2:35 Loom
4:29 Loom
13:13 Feudal Age
14:31 Fishing Lines
15:36 Double-Bit Axe
19:31 Castle Age
18:05 Gold Mining
20:27 Medium Warships
22:12 Pikeman
22:40 Gambesons
22:56 Squires
23:37 Clinker Construction
23:39 Careening
23:27 Murder Holes
24:05 Bow Saw
24:28 Husbandry
24:33 Gillnets
34:53 Imperial Age
33:02 Wheelbarrow
34:03 Hand Cart
33:34 Town Watch
35:56 Town Patrol
35:53 Stone Mining
36:35 Conscription
38:35 Halberdier
41:00 Ballistics
40:44 Horse Collar
43:40 Coinage
43:20 Guilds
44:06 Heavy Warships
43:50 Heavy Plow
44:59 Wootz Steel
44:40 Light Cavalry
47:24 Chemistry
46:34 Masonry
46:32 Scale Barding Armor
46:29 Scale Mail Armor
46:39 Forging
soy el Nico
9:18 Loom
11:04 Feudal Age
12:31 Double-Bit Axe
13:27 Gold Mining
16:42 Wheelbarrow
18:45 Castle Age
18:24 Fishing Lines
18:57 Horse Collar
21:01 Fletching
22:29 Bodkin Arrow
23:46 Gillnets
25:28 Town Watch
26:24 Bloodlines
26:50 Forging
26:18 Elite Skirmisher
27:04 Husbandry
27:10 Scale Barding Armor
29:41 Heavy Plow
30:13 Chain Barding Armor
32:25 Iron Casting
34:38 Bow Saw
37:10 Imperial Age
36:05 Gold Shaft Mining
37:39 Elite Tiger Cavalry
40:11 Blast Furnace
40:00 Conscription
41:30 Stone Mining
41:42 Bracer
42:44 Hand Cart
42:52 Ballistics
43:33 Chemistry
45:02 Caravan
Mr. Cheff ARG
0:33 Loom
10:58 Feudal Age
12:20 Double-Bit Axe
14:51 Castle Age
16:23 Wheelbarrow
15:34 Double-Bit Axe
26:31 Scale Mail Armor
34:33 Pikeman
35:14 Squires
36:53 Bow Saw
44:23 Imperial Age
43:30 Stone Mining
45:44 Halberdier
Connection lost

Rejoining the realm…

Still unreachable

The connection could not be restored.

Session expired

The server has moved on; the page needs a fresh start.